[Event "Early-Titled-Tuesday-Blitz-October-10-2023"]
[Site "Chess.com"]
[Date "2023.10.10"]
[Round "7"]
[White "Iball95"]
[Black "Duhless"]
[Result "1-0"]
[WhiteElo "2812"]
[BlackElo "2931"]
[TimeControl "180+1"]
[EndTime "9:17:14 PDT"]
[Termination "Iball95 won on time"]

1. e4 e5 2. Nf3 Nc6 3. Nc3 Nf6 4.
Bb5 Bc5 5. O-O O-O 6. Nxe5 Nxe5 7. d4 Bd6 8. f4 Nc6 9. e5 Be7 10. d5 Nb4 11. exf6 Bxf6 12. a3 c6 13. axb4 cxb5 14.
Be3 Bxc3 15. bxc3 d6 16. Rxa7 Rxa7 17. Bxa7 Bf5 18. Re1 Re8 19. Bd4 h5 20. h3 Bg6 21.
Re2 Qd7 22. Kh2 Rxe2 23. Qxe2 Qf5 24. Qf2 Qxd5 25. Qg3 Kh7 26. Qg5 Qe4 27. Kg1 Qxc2 28. Qxb5 Qe4 29. Qg5 f6 30. Qg3 Be8 31. Qe3 Qb1+ 32.
Kh2 Bc6 33. Qf2 Qe4 34. Qg3 b5 35. Qf2 Kg8 36. Qg3 Kf7 37. Qf2 h4 38. Kg1 Kg6 39.
f5+ Kf7 40. Kh2 Bd7 41. Qf1 Bxf5 42. Qxb5 Qf4+ 43. Kg1 Be4 44. Qf1 Qg5 45. Qe2 Qd5 46.
b5 g5 47. b6 Kg6 48. Be3 f5 49. Qd2 Qc6 50. Bxg5 Qxb6+ 51. Kh2 Qc5 52. Bxh4 Qe5+ 53. Bg3 Qd5 54. Qxd5 Bxd5 55. Bxd6 Kg5 56. g3 Kg6 57.
Kg1 Kf7 58. Kf2 Ke6 59. Bb8 Bc4 60. Ke3 Bf1 61. h4 Bh3 62. Kf4 Bg4 63. Kg5 Bf3 64. h5 Be4 65. h6 Kf7 66. Be5 Kg8 67. c4 Kh7 68. c5 Kg8 69. Bd6 Kh7 70. Bf4 1-0

[Event "Early-Titled-Tuesday-Blitz-October-10-2023"]
[Site "Chess.com"]
[Date "2023.10.10"]
[Round "7"]
[White "HajiyevKanan"]
[Black "THE_PLAYER6"]
[Result "0-1"]
[WhiteElo "2570"]
[BlackElo "2494"]
[TimeControl "180+1"]
[EndTime "9:17:14 PDT"]
[Termination "THE_PLAYER6 won by checkmate"]

1. d4 Nf6 2. Nf3 d5 3. c4 e6 4. cxd5 exd5 5. Nc3 Bb4 6. Qc2 O-O 7. Bf4 Ne4 8. e3 c5 9. Bd3 Bf5 10. O-O Bxc3 11.
bxc3 c4 12. Bxe4 Bxe4 13. Qb2 Bxf3 14. gxf3 Qd7 15. Rab1 b6 16. Qb5 Nc6 17. e4 dxe4 18. fxe4 Qg4+ 19. Bg3 Qxe4 20. Qxc4 Rac8 21. Rfe1 Qf5 22.
Rb5 Ne5 23. Qe2 Nf3+ 24. Kh1 Qg4 25. Rc1 Rfe8 26. Qd3 Nxd4 27. Rb4 Qf3+ 28. Qxf3 Nxf3 29.
Ra4 a5 30. h4 Nd2 31. Rd4 Ne4 32. c4 Nxg3+ 33. fxg3 g6 34. a4 Rc6 35. Rcd1 Kg7 36. R1d3 Re1+ 37. Kg2 Rc1 38. Rb3 R1xc4 39. Rxc4 Rxc4 40. Rxb6 Rxa4 41. Ra6 Ra2+ 42. Kh3 Ra1 43. Kg4 a4 44. h5 a3 45. hxg6 hxg6 46. Ra7 a2 47. Ra6 Kf8 48. Kg5 Ke7 49. Ra7+ Ke6 50.
Ra5 Kd6 51. g4 Kc6 52. Ra8 Kb7 53. Ra3 Kb6 54. Ra8 Kb5 55. Rb8+ Kc4 56. Rc8+ Kd3 57.
Rd8+ Ke4 58. Re8+ Kf3 59. Ra8 Rg1 60. Ra3+ Ke4 61. Rxa2 f5 62. Ra4+ Ke5 63. Kh4 f4 64.
Kg5 f3 65. Ra5+ Ke4 66. Ra4+ Ke3 67. Ra3+ Kf2 68. Ra2+ Kg3 69. Kxg6 Kxg4 70. Ra4+ Kg3 71. Ra3 Kg2 72. Kf5 f2 73. Ra2 Rb1 74. Kf4 Rb8 75. Ke3 Re8+ 76. Kf4 Kg1 77. Kg3 f1=Q 78. Rh2 Rg8+ 79. Kh4 Kxh2 80. Kh5 Qh3# 0-1

[Event "Early-Titled-Tuesday-Blitz-October-10-2023"]
[Site "Chess.com"]
[Date "2023.10.10"]
[Round "7"]
[White "JimDiGrease"]
[Black "Russian_berezka"]
[Result "1-0"]
[WhiteElo "2915"]
[BlackElo "2650"]
[TimeControl "180+1"]
[EndTime "9:17:18 PDT"]
[Termination "JimDiGrease won by checkmate"]

1. d4 Nf6 2. c4 e6 3. Bf4 d5 4. Nc3 Bb4 5. Qa4+ Nc6 6. e3 O-O 7. Nf3 dxc4 8. Bxc4 a6 9. O-O Bd6 10.
Bg5 h6 11. Bh4 Rb8 12. Qc2 b5 13. Be2 Nb4 14. Qb3 Bb7 15. Rfd1 Nbd5 16. Rac1 Nxc3 17. bxc3 Bd5 18. Qc2 g5 19. Bg3 Be4 20. Qb2 Qe7 21.
Ne5 Ba3 22. Qd2 Bxc1 23. Qxc1 Nd7 24. f3 Bh7 25. Nc6 Qf6 26. Nxb8 Rxb8 27. Bxc7 Rc8 28.
Bg3 Nb6 29. e4 Na4 30. Be5 Qd8 31. d5 Qb6+ 32. Bd4 Qc7 33. dxe6 fxe6 34. Qa3 Bg6 35. c4 g4 36. cxb5 Qc2 37. Qd3 axb5 38. Qxc2 Rxc2 39. Bxb5 Rxa2 40. Bc4 Rc2 41. Bxe6+ Kf8 42. Bxg4 Nc3 43. Bxc3 Rxc3 44. Rd2 Bf7 45. Kf2 h5 46. Bf5 Kg7 47. Kg3 Kf6 48. Rd6+ Ke7 49. Rb6 Rc2 50. h4 Rc1 51. Bg6 Kf8 52. Bxf7 Kxf7 53. Rb5 Kg6 54. Rg5+ Kh6 55. Kf4 Rc8 56. g4 Rf8+ 57. Rf5 Re8 58. Rxh5+ Kg6 59. Rg5+ Kh6 60. Rf5 Kg6 61. h5+ Kh6 62.
Rf6+ Kg7 63. Kf5 Ra8 64. h6+ Kh7 65. g5 Ra5+ 66. e5 Ra3 67. f4 Ra7 68. e6 Ra5+ 69.
Kg4 Ra4 70. Rf7+ Kh8 71. e7 Ra8 72. Kh5 Rg8 73. Rf8 Kh7 74. Rxg8 Kxg8 75. e8=Q+ Kh7 76. Qg6+ Kh8 77. Qg7# 1-0

[Event "Early-Titled-Tuesday-Blitz-October-10-2023"]
[Site "Chess.com"]
[Date "2023.10.10"]
[Round "7"]
[White "nitpicker"]
[Black "Javylavilla"]
[Result "1-0"]
[WhiteElo "2270"]
[BlackElo "2377"]
[TimeControl "180+1"]
[EndTime "9:17:23 PDT"]
[Termination "nitpicker won by checkmate"]

1. d4 Nf6 2. c4 c5 3. d5 b5 4. cxb5 a6 5. e3 g6 6. Nc3 Bg7 7. Nf3 O-O 8. a4 axb5 9. Bxb5 Na6 10. O-O e6 11. dxe6 fxe6 12. Qd6 Bb7 13. Ra3 Rf7 14.
Rd1 Ng4 15. Bxd7 Bxf3 16. gxf3 Be5 17. Qxe6 Bxh2+ 18. Kg2 Nxf2 19. Kxf2 Qh4+ 20. Ke2 Bg3 21. Qh3 Qc4+ 22. Rd3 Nb4 23. Bb5 Qh4 24. Qxh4 Bxh4 25. Bc4 Nxd3 26. Kxd3 Rd8+ 27. Ke2 Kg7 28. Bxf7 Kxf7 29.
Ne4 Be7 30. Bd2 h5 31. Rc3 h4 32. Nxc5 h3 33. Ne4 h2 34. Nf2 Bb4 35. Rd3 Rb8 36. Bxb4 Rxb4 37. b3 Rb7 38. Nh1 Rc7 39. Rd2 Rc1 40.
Rd1 Rc2+ 41. Kf1 Kf6 42. Nf2 Kf5 43. Kg2 g5 44. Rh1 Rb2 45. Rxh2 Rxb3 46. Rh8 Rxe3 47.
Rb8 Ra3 48. Rb5+ Kg6 49. Nh3 Ra2+ 50. Kg3 Rxa4 51. Rxg5+ Kf6 52. f4 Ra3+ 53. Kg4 Ra1 54. Nf2 Rg1+ 55. Kh4 Rf1 56. Ng4+ Kf7 57. Rf5+ Kg6 58.
Rg5+ Kf7 59. f5 Rh1+ 60. Kg3 Rg1+ 61. Kf4 Rf1+ 62. Ke4 Re1+ 63. Ne3 Ra1 64. Rh5 Ra4+ 65. Ke5 Ra5+ 66. Nd5 Ra1 67. Rh7+ Kg8 68. Rd7 Kf8 69.
f6 Re1+ 70. Kd6 Rd1 71. Ke6 Re1+ 72. Kf5 Rf1+ 73. Nf4 Rf2 74. Ke5 Rf1 75. Ng6+ Kg8 76. Rg7# 1-0

[Event "Early-Titled-Tuesday-Blitz-October-10-2023"]
[Site "Chess.com"]
[Date "2023.10.10"]
[Round "7"]
[White "emeli_chess"]
[Black "Iskusnyh"]
[Result "0-1"]
[WhiteElo "2391"]
[BlackElo "2602"]
[TimeControl "180+1"]
[EndTime "9:17:28 PDT"]
[Termination "Iskusnyh won by resignation"]

1. d4 d5 2. c4 c6 3. Nc3 Nf6 4. e3 e6 5. Nf3 a6 6. c5 Nbd7 7. Be2 g6 8. O-O Bg7 9. b4 O-O 10. a4 Qc7 11. Bd2 e5 12. b5 exd4 13. exd4 Re8 14. b6 Qd8 15. Bd3 Ne4 16. Qc2 f5 17.
Bf4 Ndxc5 18. Bc7 Qe7 19. dxc5 Nxc3 20. Bd6 Qf7 21. Ng5 Qf6 22. h4 Ne4 23. Rae1 Bd7 24. Bf4 h6 25. Nh3 Qxh4 26. f3 Bd4+ 27. Kh2 Nxc5 28. Bg3 Qf6 29. Nf4 Ne6 30. Ne2 Be3 31.
Nc3 f4 32. Rxe3 fxg3+ 33. Kxg3 Nd4 34. Rxe8+ Rxe8 35. Qd2 Bf5 36. Kf2 Bxd3 37. Qxd3 Nf5 38. Kg1 Qd4+ 39. Qxd4 Nxd4 40. Kf2 Kf7 41. a5 h5 42. Na4 Ne6 43. g3 Ke7 44. f4 Kd6 45. Re1 Ng7 46. Rc1 Nf5 47. Nc5 Re7 48. Nd3 Nd4 49. Ne5 c5 50. Nxg6 Re2+ 51. Kf1 Ra2 52. Ne5 Nf5 53. Nf7+ Kc6 54. Re1 Nxg3+ 55. Kg1 Ne4 56.
f5 c4 57. Nd8+ Kc5 58. Nxb7+ Kd4 59. f6 Nxf6 60. Nd6 Rb2 61. Rd1+ Ke5 62. Nc8 Ne4 63. Re1 Kf4 64. Re2 Rxe2 65. b7 Rb2 66. Nb6 Kg3 67.
b8=Q+ Kf3 68. Qf8+ Ke3 69. Qf7 Rb1+ 70. Kh2 Rb2+ 71.
Kh3 Ng5+ 72. Kg3 Nxf7 73. Nxd5+ Kd4 74. Nf4 Ra2 75. Kf3 Ra3+ 76. Ke2 Rxa5 77. Kd2 Ra2+ 78. Kc1 Ne5 79. Ne6+ Kc3 80. Nc5 Nd3+ 81. Kd1 Nxc5 0-1

[Event "Early-Titled-Tuesday-Blitz-October-10-2023"]
[Site "Chess.com"]
[Date "2023.10.10"]
[Round "7"]
[White "Josgar05"]
[Black "MMAHDI2013"]
[Result "1-0"]
[WhiteElo "2287"]
[BlackElo "2480"]
[TimeControl "180+1"]
[EndTime "9:17:28 PDT"]
[Termination "Josgar05 won by checkmate"]

1. d4 Nf6 2. Nf3 e6 3. c4 d5 4. g3 Bb4+ 5. Nbd2 dxc4 6. Bg2 O-O 7. O-O Bxd2 8. Bxd2 Nc6 9. Bg5 Rb8 10. a4 a6 11. Rc1 b5 12. axb5 axb5 13. b3 Na5 14.
bxc4 Nxc4 15. Qd3 h6 16. Bf4 Nd5 17. Ne5 Bb7 18. Nxc4 Nxf4 19. gxf4 Bxg2 20. Kxg2 bxc4 21. Rxc4 Qd6 22. Qf3 Rb5 23. Rfc1 Rc8 24. Qc6 Qxc6+ 25.
Rxc6 Rb7 26. Kf3 Kf8 27. h4 Ke7 28. h5 Kd7 29. R6c5 Rb3+ 30. e3 c6 31. Rg1 Rg8 32. Ra1 Rc8 33. Rg1 Rg8 34. Ra5 Rb7 35. Ke4 Kd6 36.
Ra6 Rb2 37. Kf3 Rb7 38. Rc1 Rc7 39. Rb1 g6 40. Rg1 g5 41. fxg5 hxg5 42. Ra5 f5 43. Re5 g4+ 44. Kf4 Rh8 45. Rh1 Rch7 46. Kg5 Rg8+ 47.
Kf6 Rh6+ 48. Kf7 Rg5 49. e4 g3 50. fxg3 Rxg3 51. exf5 exf5 52. Rxf5 Rd3 53. Rh4 Kd7 54. Re4 Rh3 55. Ree5 Rg3 56. Rg5 Rf3+ 57. Ref5 Rh3 58. d5 Rd6 59. dxc6+ Kxc6 60. Rg6 Kd7 61. Rxd6+ Kxd6 62. Kg7 Ke6 63. Rg5 Ke7 64. h6 Rh4 65. h7 Rxh7+ 66. Kxh7 Kf6 67. Rg1 Kf5 68. Re1 Kf4 69. Kg6 Kf3 70. Kf5 Kf2 71. Re8 Kf3 72. Re7 Kf2 73. Ke4 Ke2 74. Rh7 Kd2 75. Rh3 Ke2 76. Rh2+ Kd1 77. Ke3 Kc1 78. Kd3 Kb1 79. Kc3 Ka1 80.
Kb3 Kb1 81. Rh1# 1-0

[Event "Early-Titled-Tuesday-Blitz-October-10-2023"]
[Site "Chess.com"]
[Date "2023.10.10"]
[Round "7"]
[White "arenal72"]
[Black "SlavenPastar"]
[Result "0-1"]
[WhiteElo "2408"]
[BlackElo "2558"]
[TimeControl "180+1"]
[EndTime "9:17:33 PDT"]
[Termination "SlavenPastar won by resignation"]

1. Nf3 b6 2. g3 Bb7 3. Bg2 Nf6 4. O-O e6 5. a4 a5 6. d4 g6 7. c4 Bg7 8. Nc3 Ne4 9. Qc2 Nxc3 10. Qxc3 O-O 11.
Bg5 Qc8 12. Rad1 c5 13. e3 Nc6 14. Qd2 h6 15. Bf4 Nb4 16. dxc5 Qxc5 17. Bd6 Qxc4 18. Bxf8 Rxf8 19. Qxd7 Bc6 20. Qc7 Qa2 21. Qxb6 Qxa4 22.
b3 Qxb3 23. Qxa5 Nd5 24. Nd4 Bxd4 25. Rxd4 Ne7 26. Qc5 Bxg2 27. Kxg2 Nf5 28. Rb4 Qa2 29. Rc1 Rd8 30. e4 Ng7 31. Qc2 Qa8 32. Rd1 Re8 33. f3 h5 34. Rbd4 h4 35. Qc7 e5 36.
Rd8 Qa2+ 37. R1d2 Qb1 38. Rxe8+ Nxe8 39. Qc8 h3+ 40. Kf2 Qb6+ 41. Kf1 Qb1+ 42. Ke2 Qb5+ 43.
Ke3 Qb6+ 44. Kd3 Qb3+ 45. Qc3 Qb1+ 46. Qc2 Qf1+ 47. Kc3 Qxf3+ 48. Kb2 Kg7 49. Rf2 Qe3 50. Qd2 Qb6+ 51. Kc1 Nd6 52. Re2 Qc6+ 53. Qc2 Qb6 54.
Qc3 Qg1+ 55. Kd2 f6 56. Qc7+ Nf7 57. Qd7 Qh1 58. Qd3 Qa1 59. Rf2 Qa7 60. Ke2 Qb7 61. Qf3 Qe7 62. Qe3 Qe6 63. Qf3 Qc4+ 64. Ke1 Qe6 65. Kf1 Ng5 66. Qe3 Qc4+ 67. Kg1 Nxe4 68. Qa7+ Qf7 69. Qxf7+ Kxf7 70. Re2 f5 71. Kf1 Kf6 72.
Ra2 Kg5 73. Ra6 Nf6 74. Kf2 Ng4+ 75. Kg1 e4 76. Re6 Ne3 77. Kf2 Nd5 78. Re5 Nb4 79. Re6 Nd3+ 80. Ke3 Ne1 81. Kf2 Nf3 82. Ra6 Nxh2 83. Ra1 Ng4+ 84. Kg1 f4 85. Re1 e3 86. gxf4+ Kxf4 87. Rf1+ Kg3 88. Rf8 h2+ 89. Kh1 Nf2+ 90. Rxf2 Kxf2 91. Kxh2 e2 0-1

[Event "Early-Titled-Tuesday-Blitz-October-10-2023"]
[Site "Chess.com"]
[Date "2023.10.10"]
[Round "7"]
[White "RobertoJBM"]
[Black "whiteglovethief"]
[Result "1/2-1/2"]
[WhiteElo "2799"]
[BlackElo "2557"]
[TimeControl "180+1"]
[EndTime "9:17:53 PDT"]
[Termination "Game drawn by 50-move rule"]

1. e4 e6 2. d4 d5 3. Nd2 c5 4. exd5 exd5 5. Ngf3 Nc6 6. Bb5 Bd6 7. dxc5 Bxc5 8.
O-O Ne7 9. Nb3 Bd6 10. Be3 O-O 11. c3 Bg4 12. h3 Bh5 13. Be2 Nf5 14. Bc5 Bxf3 15.
Bxf3 Nce7 16. Re1 b6 17. Bxd6 Qxd6 18. Qd3 Rad8 19. Rad1 g6 20. g3 Rfe8 21. h4 Nxg3 22.
fxg3 Qxg3+ 23. Bg2 Qxh4 24. Nd4 Nc8 25. Rxe8+ Rxe8 26. Nf3 Qg3 27. Nh2 Re1+ 28. Nf1 Qxd3 29. Rxd3 Re2 30.
Rxd5 Ne7 31. Rd2 Re5 32. Kf2 h5 33. Ne3 g5 34. Rd7 Kf8 35. Rxa7 f5 36. Nc4 Re6 37.
Rb7 Nc8 38. Rb8 Re8 39. Nxb6 Nxb6 40. Rxb6 Kg7 41. a4 Rd8 42. Ke2 Re8+ 43. Kd3 g4 44.
a5 f4 45. Be4 f3 46. Rg6+ Kf7 47. Rg5 Rh8 48. Ke3 Kf6 49. Rd5 h4 50. Bxf3 gxf3 51. Kxf3 h3 52. Rd1 Rb8 53. Rd2 Ra8 54. b4 Rc8 55. Rc2 h2 56. Rxh2 Rxc3+ 57. Kg2 Rb3 58. Rh4 Ke5 59. Kf2 Kd5 60. Ke2 Kc6 61. Kd2 Kb5 62. Kc2 Rg3 63. Kb2 Rf3 64. Kc2 Rg3 65. Rd4 Rf3 66. Rd3 Rf4 67. Rb3 Rf2+ 68. Kd3 Rf3+ 69.
Kc2 Rf2+ 70. Kc3 Rf3+ 71. Kb2 Rf1 72. Ka2 Rf2+ 73. Ka3 Rf1 74. Rb2 Ra1+ 75. Kb3 Rh1 76. Kc3 Rh4 77. Kd3 Rh3+ 78. Kd4 Rh4+ 79. Kd5 Rh5+ 80.
Kd6 Rh6+ 81. Ke5 Rh5+ 82. Ke6 Rh6+ 83. Kd5 Rh5+ 84. Ke4 Rh4+ 85. Kd3 Rh3+ 86. Kc2 Rh2+ 87. Kb1 Rh3 88. Kc1 Rh1+ 89. Kc2 Rh2+ 90. Kb3 Rh3+ 91.
Ka2 Rh1 92. Rb3 Rh2+ 93. Ka3 Rh1 94. Rb2 Rh3+ 95. Ka2 Rh1 96. Rb1 Rh2+ 97. Kb3 Rh3+ 98. Kc2 Rh2+ 99. Kc3 Rh3+ 100. Kd2 Rh2+ 101. Kd3 Rh3+ 102. Kd4 Rh4+ 103. Ke5 Rh5+ 104. Kd6 Rh6+ 105. Ke7 Rh7+ 106. Kf6 Rh6+ 1/2-1/2

[Event "Early-Titled-Tuesday-Blitz-October-10-2023"]
[Site "Chess.com"]
[Date "2023.10.10"]
[Round "7"]
[White "HeinichessPY"]
[Black "YairParkhov"]
[Result "1/2-1/2"]
[WhiteElo "2210"]
[BlackElo "2516"]
[TimeControl "180+1"]
[EndTime "9:18:03 PDT"]
[Termination "Game drawn - insufficient material"]

1. Nf3 Nf6 2. g3 Nc6 3. Bg2 e5 4. d3 d5 5. O-O h6 6. Nbd2 Be6 7. b3 Bd6 8. Bb2 O-O 9. e4 dxe4 10. dxe4 Qe7 11.
Qe2 Ba3 12. Bxa3 Qxa3 13. Nc4 Qc5 14. Nb2 Bg4 15. Nd3 Qe7 16. Qe3 Bxf3 17. Bxf3 Nb4 18.
Nxb4 Qxb4 19. Rfd1 Qe7 20. Rd2 Rfd8 21. Rad1 Rxd2 22. Rxd2 b6 23. Qc3 Kf8 24. Qc6 Rd8 25.
Rxd8+ Qxd8 26. Kg2 a5 27. a4 Ke7 28. h3 Qd6 29. Qc4 g6 30. Qc3 Nd7 31. Qe3 h5 32. Qg5+ Qf6 33. Qxf6+ Nxf6 34. Kf1 Kd6 35. Ke2 Kc5 36.
Kd3 c6 37. Kc3 b5 38. h4 bxa4 39. bxa4 Ne8 40. Be2 Nd6 41. Bd3 f6 42. f4 Kb6 43.
Kb3 Kc7 44. Kc3 Kd7 45. Kd2 Ke6 46. Ke3 c5 47. c3 c4 48. Bf1 Ke7 49. Be2 Ke6 50.
Bf1 Kd7 51. Be2 Kc6 52. fxe5 fxe5 53. g4 hxg4 54. Bxg4 Kc7 55. Be6 Kd8 56. Bd5 Ke7 57. Kf3 Kf6 58. Kg4 Nc8 59. Bxc4 Nb6 60. Bb5 Na8 61. c4 Nc7 62. c5 Ne6 63. c6 Ke7 64. Bc4 Nd4 65. Bd5 Kd6 66. Kg5 Nf3+ 67. Kg4 Nd4 68. Kg5 Nf3+ 69. Kg4 Nd2 70. Kg3 Nb1 71. Kg4 Nc3 72. Kg5 Kc7 73. Kxg6 Nxd5 74. exd5 e4 75. h5 e3 76. h6 e2 77. h7 e1=Q 78. h8=Q Qg3+ 79.
Kf6 Qf4+ 80. Kg7 Qd4+ 81. Kh7 Qxd5 82. Qg7+ Kxc6 83. Qc3+ Qc5 84. Qf6+ Qd6 85. Qc3+ Kd7 86. Qxa5 Qd3+ 87. Kh6 Qe3+ 88. Kg6 Qe4+ 89. Qf5+ Qxf5+ 90. Kxf5 Kc6 91. Ke5 Kc5 92. Ke4 Kb4 93. a5 Kb5 94. a6 Kb6 95. a7 Kb7 96. a8=N 1/2-1/2

[Event "Early-Titled-Tuesday-Blitz-October-10-2023"]
[Site "Chess.com"]
[Date "2023.10.10"]
[Round "7"]
[White "remi04"]
[Black "viktorskliarov"]
[Result "1-0"]
[WhiteElo "2863"]
[BlackElo "2647"]
[TimeControl "180+1"]
[EndTime "9:18:05 PDT"]
[Termination "remi04 won on time"]

1. e4 c5 2. Nf3 Nc6 3. d4 cxd4 4. Nxd4 Nf6 5. Nc3 e5 6. Ndb5 d6 7. Bg5 a6 8. Na3 b5 9. Nd5 Be7 10. Bxf6 Bxf6 11. c3 O-O 12. Nc2 Rb8 13. g3 Bg5 14. h4 Bh6 15. Bh3 Bb7 16. Qd3 Ne7 17.
Nxe7+ Qxe7 18. O-O d5 19. exd5 e4 20. Qd4 Rbd8 21.
Ne3 Bxe3 22. Qxe3 Rxd5 23. Bg2 Rd3 24. Qa7 Qc7 25. Rad1 Ra8 26. Qxb7 Qxb7 27. Rxd3 Qe7 28. Rd4 f5 29. Rfd1 Re8 30. Rd7 Qe5 31. R1d5 Qe6 32. R7d6 Qe7 33. Rd7 Qe6 34. Rd1 g6 35. Rb7 Re7 36.
Rb8+ Kg7 37. Re1 Qd6 38. Rc8 Qd2 39. Re3 Qxb2 40. Rc6 Qxa2 41. h5 Qb1+ 42. Kh2 a5 43. Rb6 a4 44. c4 b4 45. c5 b3 46. c6 Rc7 47. Rb7 Kh6 48. Rxc7 b2 49. Rb7 Qc1 50. c7 a3 51. Rxa3 b1=Q 52. Rxb1 Qxc7 53.
Re3 Kxh5 54. Rh1 Kg5 55. Rhe1 h5 56. Kg1 h4 57. gxh4+ Kxh4 58. R3e2 Kg5 59. Rd2 Qc3 60. Red1 Kf4 61. Rd6 g5 62. R6d4 g4 63. Rd5 g3 64.
fxg3+ Kxg3 65. Rxf5 Qe3+ 66. Kf1 Kg4 67. Rdd5 Qc1+ 68.
Kf2 Qc2+ 69. Kg1 Qc1+ 70. Kh2 Qh6+ 71. Kg1 Qc1+ 72. Rf1 Qe3+ 73. Kh1 Qh6+ 74. Kg1 Qe3+ 75. Rf2 Qc1+ 76. Bf1 Kg3 77. Rg2+ Kf4 78. Rdd2 e3 79. Rde2 Qa1 80. Rh2 Qc3 81. Rh3 Qc1 82. Rh4+ Kg3 83. Rh3+ Kf4 84. Kg2 Qc5 85. Rf3+ Ke4 86. Rg3 Kf4 87.
Kh2 Qh5+ 88. Rh3 Qg4 89. Rexe3 Qg5 90. Reg3 Qe5 91. Bg2 Qc7 92. Rh4+ Kf5 93. Kh3 Kf6 94.
Rgg4 Qc3+ 95. Kh2 Qe1 96. Rf4+ Kg5 97. Rhg4+ Kh5 98. Rg3 Qc1 99. Rf8 Qc7 100. Rh8+ 1-0

[Event "Early-Titled-Tuesday-Blitz-October-10-2023"]
[Site "Chess.com"]
[Date "2023.10.10"]
[Round "7"]
[White "Alex_Sahakyan2006"]
[Black "TigrVShlyape"]
[Result "0-1"]
[WhiteElo "2714"]
[BlackElo "2936"]
[TimeControl "180+1"]
[EndTime "9:19:42 PDT"]
[Termination "TigrVShlyape won by resignation"]

1. e4 c5 2. Nc3 e6 3. Nf3 a6 4.
g3 b5 5. Bg2 Bb7 6. d3 Ne7 7.
O-O Nbc6 8. Be3 Ng6 9. d4 cxd4 10. Nxd4 Bb4 11. Nxc6 dxc6 12. Qh5 e5 13. Rad1 Qe7 14. Bh3 Bc8 15. Bxc8 Rxc8 16. Qf5 Qe6 17. Qxe6+ fxe6 18. Nb1 Rd8 19. a3 Be7 20. Bb6 Rb8 21. Ba5 Rb7 22. Rd3 O-O 23. Rfd1 Bc5 24. Be1 Bd4 25. c3 Bc5 26.
Rd7 Rxd7 27. Rxd7 Rf7 28. Rd3 Nf8 29. Nd2 Rd7 30. Rxd7 Nxd7 31. Kf1 Kf7 32. Ke2 a5 33. b4 axb4 34. axb4 Bd6 35. f3 Nb6 36. Bf2 Na4 37. Kd3 Nb2+ 38. Kc2 Nc4 39. Nxc4 bxc4 40. Kb2 Ke7 41. Ka3 Kd7 42. Ka4 Kc7 43. b5 Kb7 44.
Ka5 Be7 45. Be3 h5 46. h3 g6 47. g4 Ba3 48. bxc6+ Kxc6 49. Ka6 Bd6 50. Ka7 Bc7 51. Ka6 Bd8 52. Bc1 Bb6 53. Ba3 Bd8 54. Bf8 Bc7 55. Bg7 Bd6 56. Ka5 Kc5 57. Bh6 Kc6 58.
Be3 Be7 59. Ka4 Bd6 60. Bc1 Bc5 61. Ka5 Bf2 62. Kb4 Bc5+ 63. Kxc4 Bd6 64. Be3 Be7 65. Kb3 Kb5 66. c4+ Kc6 67. Kc3 Bd6 68. Kd3 Be7 69.
Bh6 Bd6 70. Bg7 Kc5 71. Kc3 Kc6 72. Bh6 Kc5 73. Be3+ Kc6 74. Kd3 Be7 75. f4 exf4 76.
Bxf4 Ba3 77. gxh5 gxh5 78. Be3 Be7 79. Bd4 Bg5 80. Ke2 Kd6 81. Kf3 Kc6 82. Be3 Bf6 83.
Kf4 Kd7 84. e5 Be7 85. Bf2 Kc6 86. Bd4 Bh4 87. Ke4 Kc7 88. Bc5 Kc6 89. Bf8 Bg5 90. Bg7 Kb6 91. Bf6 Bc1 92. h4 Kc5 93. Kd3 Bf4 94. Be7+ Kc6 95. Ke4 Bc1 96. Bg5 Bb2 97. Be3 Ba3 98. Kf4 Be7 99. Kg3 Bd8 100. Bf2 Be7 101. Kf3 Bd8 102. Ke4 Be7 103. Kf4 Bd8 104. Kg3 Be7 105. Be3 Bd8 106. Bg5 Ba5 107. Be7 Bd2 108. Kf3 Bc1 109. Bf6 Bd2 110. Ke4 Bc1 111. Kd3 Bf4 112. Kd4 Bc1 113. c5 Ba3 114. Kc4 Bxc5 115. Bg5 Bf2 116. Bf6 Bg3 117. Kd4 Kb5 118. Ke4 Kc4 119. Be7 Be1 120. Bf6 Bd2 121. Bg5 Bc3 122. Be3 Bb4 123. Bg5 Kc3 124. Be3 Kc4 125. Bd4 Be7 126. Bf2 Kc3 127. Bg3 Kd2 128. Kf3 Kd3 129. Bf2 Bd8 130. Bg3 Kd4 131. Kf4 Kd5 132. Be1 Be7 133. Bg3 Kd4 134. Bf2+ Kd3 135. Bg3 Ke2 136. Ke4 Bc5 137. Bf4 Bf2 138. Bg5 Bg3 139. Bd8 Kf2 140. Bf6 Kg2 141. Kd4 Kf3 142. Kc5 Ke4 143. Kd6 Kf5 144. Bg7 Bxh4 145. Kc5 Bf2+ 146. Kc4 Ke4 147. Bf6 h4 0-1

[Event "Early-Titled-Tuesday-Blitz-October-10-2023"]
[Site "Chess.com"]
[Date "2023.10.10"]
[Round "8"]
[White "Jojo_898"]
[Black "vladgoncharov"]
[Result "0-1"]
[WhiteElo "2392"]
[BlackElo "2521"]
[TimeControl "180+1"]
[EndTime "9:22:00 PDT"]
[Termination "vladgoncharov won by resignation"]

1. e4 e6 2. d4 d5 3. Nc3 Bb4 4. exd5 exd5 5. Bd3 Ne7 6. Nf3 c6 7. O-O Bg4 8. h3 Bh5 9. g4 Bg6 10. Bg5 f6 11. Bf4 O-O 12. Ne2 Na6 13. Ng3 Nc7 14. c3 Bd6 15. Bxd6 Qxd6 16. Bxg6 hxg6 17. Nf5 gxf5 0-1

[Event "Early-Titled-Tuesday-Blitz-October-10-2023"]
[Site "Chess.com"]
[Date "2023.10.10"]
[Round "8"]
[White "elprimo2012mortis"]
[Black "BocharovD"]
[Result "1-0"]
[WhiteElo "2695"]
[BlackElo "2781"]
[TimeControl "180+1"]
[EndTime "9:22:40 PDT"]
[Termination "elprimo2012mortis won by checkmate"]

1. e4 c5 2. Nc3 d6 3. d4 cxd4 4.
Qxd4 Nc6 5. Qd2 g6 6. b3 Bh6 7. f4 e5 8. Nb5 Bxf4 9. Qxd6 Qxd6 10. Nxd6+ Kf8 11. Ba3 Kg7 12. Ne8+ Kh6 13. Bf8+ Kg5 14. Nf3+ Kg4 15. Be2 Be6 16. Nxe5+ Kg5 17. h4# 1-0

[Event "Early-Titled-Tuesday-Blitz-October-10-2023"]
[Site "Chess.com"]
[Date "2023.10.10"]
[Round "8"]
[White "ArmanGhevondyanchess"]
[Black "DerKnipser"]
[Result "1-0"]
[WhiteElo "2577"]
[BlackElo "2461"]
[TimeControl "180+1"]
[EndTime "9:22:58 PDT"]
[Termination "ArmanGhevondyanchess won by resignation"]

1. Nf3 d5 2. g3 Nf6 3. Bg2 e6 4. O-O Be7 5. d4 O-O 6. c4 c6 7.
Nc3 Nbd7 8. b3 Re8 9. Bb2 Ne4 10.
Nxe4 dxe4 11. Nd2 f5 12. f3 exf3 13. Bxf3 Bf6 14. e4 fxe4 15. Bxe4 Nc5 16. Bxh7+ Kxh7 17. Qh5+ Kg8 18. Rxf6 gxf6 19. Qg6+ Kf8 20. dxc5 Qxd2 21. Qxf6+ 1-0

[Event "Early-Titled-Tuesday-Blitz-October-10-2023"]
[Site "Chess.com"]
[Date "2023.10.10"]
[Round "8"]
[White "Xqswdc"]
[Black "Ural_bogatyr"]
[Result "0-1"]
[WhiteElo "2338"]
[BlackElo "2535"]
[TimeControl "180+1"]
[EndTime "9:23:07 PDT"]
[Termination "Ural_bogatyr won by resignation"]

1. e4 e5 2. Nf3 Nc6 3. Nc3 Nf6 4. d4 exd4 5. Nd5 Nb4 6. Bc4 Nbxd5 7. exd5 c6 8. Qxd4 cxd5 9. Bxd5 Qa5+ 10. Bd2 Qxd5 11. Qe3+ Qe6 12. Ne5 d6 13. Nc4 Be7 14. O-O Qxc4 15.
Rfe1 Be6 16. b3 Qg4 17. h3 Qg6 18. f4 O-O 19. Rf1 Rfe8 20. Kh1 Bd5 21. Rf2 Nh5 22. f5 Qg3 23. Qd4 Bf6 0-1

[Event "Early-Titled-Tuesday-Blitz-October-10-2023"]
[Site "Chess.com"]
[Date "2023.10.10"]
[Round "8"]
[White "Alina_Gumerovna"]
[Black "boasovietica"]
[Result "0-1"]
[WhiteElo "2127"]
[BlackElo "2518"]
[TimeControl "180+1"]
[EndTime "9:23:31 PDT"]
[Termination "boasovietica won by resignation"]

1. e4 e5 2. Nf3 Nc6 3. Bc4 Bc5 4.
O-O d6 5. c3 Nf6 6. d3 a6 7. a4 O-O 8. h3 h6 9. Re1 Ba7 10.
Nbd2 Re8 11. Qb3 Be6 12. Bxe6 Rxe6 13. Qxb7 Rb8 14. Qxc6 d5 15. Qxd5 Nxd5 16. exd5 Qxd5 0-1

[Event "Early-Titled-Tuesday-Blitz-October-10-2023"]
[Site "Chess.com"]
[Date "2023.10.10"]
[Round "8"]
[White "JiiHart"]
[Black "UK_23"]
[Result "0-1"]
[WhiteElo "2184"]
[BlackElo "2369"]
[TimeControl "180+1"]
[EndTime "9:24:04 PDT"]
[Termination "UK_23 won by resignation"]

1. e4 e5 2. Nf3 Nc6 3. Bc4 Nf6 4. d3 Be7 5. c3 O-O 6. Bg5 h6 7. Bh4 d6 8. h3 Nh5 9. Bxe7 Qxe7 10. g3 Na5 11.
Nbd2 Nxc4 12. Nxc4 g6 13. Ne3 c6 14. Qd2 Kg7 15. O-O-O a5 16. Nh4 a4 17. Ng4 Rh8 18.
Rhg1 Be6 19. f4 exf4 20. Qxf4 Nxf4 0-1

[Event "Early-Titled-Tuesday-Blitz-October-10-2023"]
[Site "Chess.com"]
[Date "2023.10.10"]
[Round "8"]
[White "secrethawk1"]
[Black "Shuvalov"]
[Result "1/2-1/2"]
[WhiteElo "2286"]
[BlackElo "2474"]
[TimeControl "180+1"]
[EndTime "9:24:09 PDT"]
[Termination "Game drawn by repetition"]

1. d4 Nf6 2. Bf4 d5 3. e3 e6 4. c4 Be7 5. Nc3 O-O 6. Nf3 c5 7. Bd3 cxd4 8. exd4 Nc6 9. O-O Nb4 10. Be2 dxc4 11.
Bxc4 Bd7 12. Ne5 Bc6 13. Nxc6 Nxc6 14. d5 exd5 15. Nxd5 Nxd5 16. Qxd5 Bf6 17. Bd6 Be7 18. Bg3 Bf6 19. Rab1 Qxd5 20. Bxd5 Rfd8 21. Rfd1 Bd4 22. Bf3 Rd7 23. Bg4 Rd5 24. Bf3 Rd7 25. Bg4 Rd5 26.
Bf3 Rd7 1/2-1/2

[Event "Early-Titled-Tuesday-Blitz-October-10-2023"]
[Site "Chess.com"]
[Date "2023.10.10"]
[Round "8"]
[White "lluiss"]
[Black "Irishchessman16"]
[Result "0-1"]
[WhiteElo "2196"]
[BlackElo "2458"]
[TimeControl "180+1"]
[EndTime "9:24:15 PDT"]
[Termination "Irishchessman16 won by resignation"]

1. Nf3 c5 2. c4 Nc6 3. Nc3 e5 4. e3 Nf6 5. d4 e4 6. d5 exf3 7. dxc6 bxc6 8. Qxf3 Be7 9. Be2 O-O 10. O-O Rb8 11.
Rd1 Qc7 12. b3 d6 13. h3 Nd7 14. Ne4 f5 15. Ng3 Ne5 16. Qh5 g6 17. Qh6 Nf7 18.
Qxf8+ Bxf8 19. Bb2 Bg7 20. Bxg7 Kxg7 21. Rd2 Be6 22.
Rad1 Rd8 23. Bf3 Ne5 24. Be2 d5 25. f4 Nf7 26. Bf3 dxc4 27. Rxd8 Nxd8 28. bxc4 Bxc4 29. e4 Qxf4 30. Rxd8 Qxg3 31. exf5 gxf5 32. Rd7+ Kf6 33. Rxa7 Bd5 34. Bxd5 cxd5 0-1